 Dungeon Crawl Stone Soup version 0.28-a0-1505-g8c907de6ad (webtiles) character file.

Game seed: 3470458854134911279

54 Gwenloh the Skirmisher (level 3, -2/39 (40) HPs)
             Began as an Ogre Berserker on Jan 13, 2022.
             Was a Follower of Trog.
             Slain by Crazy Yiuf (9 damage)
             ... on level 2 of the Dungeon.
             The game lasted 00:04:02 (1453 turns).

Gwenloh the Skirmisher (Ogre Berserker)             Turns: 1453, Time: 00:04:03

HP:   -2/39 (40)    AC:  4    Str: 27    XL:     3   Next: 91%
MP:   3/3           EV: 10    Int:  8    God:    Trog [*.....]
Gold: 106           SH:  0    Dex: 10    Spells: 2/2 levels left

rFire   . . .      SeeInvis .   a - +0 mace
rCold   . . .      Faith    .   (no shield)
rNeg    . . .      Spirit   .   c - +0 animal skin
rPois   .          Reflect  .   (helmet restricted)
rElec   .          Harm     .   m - +0 cloak
rCorr   .          Rampage  .   (gloves unavailable)
Will    ++...                   (boots unavailable)
Stlth   +.........              (no amulet)
HPRegen 1.13/turn               h - +6 ring of strength
MPRegen 0.08/turn               (no ring)

@: strong-willed (expiring), on berserk cooldown, regenerating (expiring),
slowed, lightly drained, very slow
A: large, unfitting armour, tough skin 1
a: Renounce Religion, Berserk


You were on level 2 of the Dungeon.
You worshipped Trog.
Trog was aware of your devotion.
You visited 1 branch of the dungeon, and saw 2 of its levels.

You collected 106 gold pieces.

Inventory:

Hand Weapons
 a - a +0 mace (weapon)
 b - a +0 fustibalus
Missiles
 e - 51 sling bullets
 i - 2 javelins
 j - 41 stones
Armour
 c - a +0 animal skin (worn)
 m - a +0 cloak (worn)
Jewellery
 h - a +6 ring of strength (left hand)
Scrolls
 g - 2 scrolls of identify {unknown}
 k - a scroll of enchant armour {unknown}
 n - a scroll of enchant weapon {unknown}
Potions
 d - a potion of might {unknown}
 f - 2 potions of flight {unknown}
 l - a potion of haste {unknown}


   Skills:
 + Level 4.7 Fighting
 * Level 3.3 Maces & Flails
 + Level 0.6 Throwing
 + Level 3.2 Dodging


You had 2 spell levels left.
You didn't know any spells.
Your spell library was empty.

Dungeon Overview and Level Annotations

Branches:
Dungeon (2/15)

Altars:

Shops:
D:1 [

Annotations:
D:2 Crazy Yiuf


Innate Abilities, Weirdness & Mutations

You are too large for most types of armour.
You have tough skin. (AC +1)


Message History

You feel a strong urge to attack something.
Crazy Yiuf sings, "Trees, trees, trees, circus!"
Crazy Yiuf hits you but does no damage.
There is an open translucent door here.
You barely miss Crazy Yiuf.
Crazy Yiuf hits you with a +4 quarterstaff of chaos.
Crazy Yiuf freezes you.
You hit Crazy Yiuf.
Crazy Yiuf is moderately wounded.
Crazy Yiuf hits you with a +4 quarterstaff of chaos.
You closely miss Crazy Yiuf.
Crazy Yiuf is moderately wounded.
You completely miss Crazy Yiuf.
Crazy Yiuf is moderately wounded.
Crazy Yiuf completely misses you.
You hit Crazy Yiuf.
Crazy Yiuf is severely wounded.
You are no longer berserk.
You are exhausted.
You feel yourself slow down.
Crazy Yiuf says, "Crazy?
Crazy!?
PORCUPINE!"
Crazy Yiuf barely misses you.
You hit Crazy Yiuf.
Crazy Yiuf is severely wounded.
You feel the effects of Trog's Hand fading.
Crazy Yiuf hits you with a +4 quarterstaff of chaos!
You feel drained. Crazy Yiuf barely misses you.
You hit Crazy Yiuf.
Crazy Yiuf is almost dead.
Crazy Yiuf hits you with a +4 quarterstaff of chaos!
Crazy Yiuf draws strength from your wounds!
Crazy Yiuf hits you with a +4 quarterstaff of chaos!
* * * LOW HITPOINT WARNING * * *
Crazy Yiuf burns you.
* * * LOW HITPOINT WARNING * * *
You barely miss Crazy Yiuf.
Crazy Yiuf is almost dead.
Crazy Yiuf waves his quarterstaff at you.
Crazy Yiuf hits you with a +4 quarterstaff of chaos!
You die...

#.....^.# #.# #.
#.####### #.###.
##.##. ##.#. ##.. ##.
#### ♣♣########.
#)..#♣♣ ♣♣P.........
#..g@.♣♣♣♣PP....#####
#...#♣..♣.......#
#### ♣♣♣.♣.P....#
♣♣♣♣♣##..# #..#
###########..#
#............#####
#.#########.......
#.# ########


You could see Crazy Yiuf.

Vanquished Creatures
  An adder (D:2)
  A gnoll (D:1)
  2 ball pythons (D:1)
  5 endoplasms
  5 giant cockroaches
  A goblin (D:1)
  2 hobgoblins
  4 jackals (D:1)
  A kobold (D:2)
  A quokka (D:1)
  5 bats
  2 frilled lizards
  2 rats
32 creatures vanquished.

Notes
Turn   | Place    | Note
-------+----------+-------------------------------------------
     0 | D:1      | Gwenloh the Ogre Berserker began the quest for the Orb.
     0 | D:1      | Reached XP level 1. HP: 24/24 MP: 1/1
   100 | D:1      | Reached XP level 2. HP: 32/32 MP: 2/2
   375 | D:1      | Reached XP level 3. HP: 40/40 MP: 3/3
   442 | D:1      | Found Xeutwoac's Antique Armour Boutique.
   460 | D:1      | Found a faded altar of an unknown god.
   911 | D:2      | Reached ** piety under Trog
  1191 | D:2      | Found a runed translucent door.
  1192 | D:2      | Noticed Crazy Yiuf
  1453 | D:2      | Slain by Crazy Yiuf

Illustrated notes

Levels and vault maps discovered:
D:1:      lemuel_arrival_rhombus, layout_rooms, basic_ecumenical_altar,
          serial_shops, nicolae_shop_hallway_plus
D:2:      layout_loops_ring, uniq_crazy_yiuf_cottage

Skill      XL: |  1  2 |
---------------+-------+-----
Maces & Flails | 3 |  3.3
Dodging        | 3 |  3.2
Fighting       | |  4.7
Throwing       | |  0.6

Action                   || total
-------------------------++-------
Melee: Mace              ||    49
 Fire: Fustibalus        ||    38
Invok: Berserk           ||     2
       Trog's Hand       ||     1
Armor: Animal skin       ||    24
Dodge: Dodged            ||    36

Table legend: (Time is in decaauts)
 A = Elapsed time spent in this place.
 B = Non-inter-level travel time spent in this place.
 C = Inter-level travel time spent in this place.
 D = Time resting spent in this place.
 E = Time spent auto-exploring this place.
 F = Levels seen in this place.
 G = Mean time per level.
                   A        B        C        D        E       F      G
               +--------+--------+--------+--------+--------+-----+--------+
         Total |   1472 |   1442 |     30 |      0 |   1149 |   2 |  736.0 |
       Dungeon |   1472 |   1442 |     30 |      0 |   1149 |   2 |  736.0 |
               +--------+--------+--------+--------+--------+-----+--------+

Top non-repeatable levels by time:
     D:1: 807 daAuts
     D:2: 665 daAuts
